 Dungeon Crawl Stone Soup version 0.30-a0-883-g5ad918d77d (webtiles) character file.

Game seed: 15324499478703898978

30 Newt the Shooter (level 3, -7/24 HPs)
             Began as a Kobold Hunter on Mar 17, 2023.
             Mangled by a worm (9 damage)
             ... on level 2 of the Dungeon.
             The game lasted 00:00:51 (1004 turns).

Newt the Shooter (Kobold Hunter)                    Turns: 1004, Time: 00:00:51

Health: -7/24      AC:  7    Str:  7    XL:     3   Next: 37%
Magic:  3/3        EV: 14    Int: 14    God:
Gold:   31         SH:  0    Dex: 19    Spells: 2/2 levels left

rFire   . . .      SeeInvis .    a - +0 shortbow
rCold   . . .      Faith    .    (shield currently unavailable)
rNeg    . . .      Spirit   .    c - +0 leather armour
rPois   .          Reflect  .    (no helmet)
rElec   .          Rampage  .    (no cloak)
rCorr   .                        i - +2 pair of gloves
Will    .....                    h - +0 pair of boots
Stlth   +++                      (no amulet)
HPRegen 0.24/turn                (no ring)
MPRegen 0.08/turn                (no ring)

@: attractive, slowed, very slow
A: small, no large weapons, nightstalker 3, clever 1
a: no special abilities


You were on level 2 of the Dungeon.
You visited 1 branch of the dungeon, and saw 2 of its levels.

You collected 31 gold pieces.

Inventory:

Hand Weapons
 a - a +0 shortbow (weapon)
Armour
 c - a +0 leather armour (worn)
 h - a +0 pair of boots (worn)
 i - a +2 pair of gloves (worn)
Scrolls
 b - a scroll of immolation


   Skills:
 + Level 3.9 Fighting
 - Level 5.3 Ranged Weapons
 - Level 2.4 Dodging
 - Level 1.3 Stealth


You had 2 spell levels left.
You didn't know any spells.
Your spell library contained the following spells:

 Spells                   Type           Power      Damage    Failure   Level
 Apportation              Tloc           0%         N/A       41%         1
 Alistair's Intoxication  Tmut/Pois      0%         N/A       100%        5


Dungeon Overview and Level Annotations

Branches:
Dungeon (2/15)

Altars:

Annotations:
D:2 Jessica


Innate Abilities, Weirdness & Mutations

You are small and have problems with some larger weapons.
You are completely attuned to the shadows.
Your mind is acute. (Int +4, Str/Dex -1)


Message History

It was a potion of mutation.
You feel extremely strange.
You feel clever. The ball python barely misses you.
The ball python constricts you. The rat bites you but does no damage.
The worm bites you but does no damage.
It was a potion of attraction.
You feel attractive to monsters.
The ball python bites you but does no damage.
The ball python constricts you. The rat bites you but does no damage.
The ball python misses you. The ball python constricts you.
The rat closely misses you. The worm bites you.
* * * LOW HITPOINT WARNING * * *
You shoot an arrow. The arrow hits the ball python.
You kill the ball python!
Jessica says, "I'm really upset."
Jessica closely misses you. The rat bites you.
* * * LOW HITPOINT WARNING * * *
Jessica hits you but does no damage. The rat barely misses you.
The worm misses you.
You shoot an arrow. The arrow closely misses Jessica.
The arrow barely misses the dart slug.
Jessica closely misses you. Jessica barely misses you.
The rat barely misses you. Jessica gestures at you while chanting.
You resist with some effort. The worm misses you. The rat misses you.
Jessica hits you with a +0 dagger.
* * * LOW HITPOINT WARNING * * *
You shoot an arrow. The arrow barely misses Jessica.
The arrow hits the dart slug.
The dart slug is heavily wounded.
Jessica gestures wildly while chanting.
Jessica blinks!
The rat bites you but does no damage. The worm bites you.
* * * LOW HITPOINT WARNING * * *
The rat bites you but does no damage.
The dart slug bites you but does no damage.
You shoot an arrow. The arrow hits the dart slug.
The dart slug is severely wounded.
The rat closely misses you. The worm bites you.
* * * LOW HITPOINT WARNING * * *
The dart slug closely misses you. The rat barely misses you.
The worm bites you!
You die...

#... #.!..
.....#..@.
....w#..r##
.....#..w@#
.....#..w##
.....#..##
.........#
........##
.......##
.>....##
......


You could see a worm, a dart slug, Jessica (fast) and a rat.

Vanquished Creatures
  2 dart slugs (D:1)
  2 bats
  2 endoplasms
  3 goblins
  2 hobgoblins (D:1)
  3 jackals (D:2)
  A kobold (D:1)
  A quokka (D:1)
  5 ball pythons
  A frilled lizard (D:1)
  A rat (D:1)
23 creatures vanquished.

Notes
Turn   | Place    | Note
-------+----------+-------------------------------------------
     0 | D:1      | Newt the Kobold Hunter began the quest for the Orb.
     0 | D:1      | Reached XP level 1. HP: 12/12 MP: 1/1
   274 | D:1      | Reached XP level 2. HP: 18/18 MP: 2/2
   750 | D:1      | Reached XP level 3. HP: 23/23 MP: 3/3
   988 | D:2      | Noticed Jessica
   999 | D:2      | Gained mutation: Your mind is acute. (Int +4, Str/Dex -1)
                  | [potion of mutation]
  1004 | D:2      | Mangled by a worm

Illustrated notes

Levels and vault maps discovered:
D:1:      lightli_arrival_statuegarden, layout_basic, minmay_liquid_box,
          minmay_misc_feat_rugged
D:2:      layout_basic, nicolae_figureground_pulse, uniq_jessica, uniq_terence

Skill      XL: |  1  2 |
---------------+-------+-----
Fighting       | 3 |  3.9
Ranged Weapons | |  5.3
Dodging        | |  2.4
Stealth        | |  1.3

Action                     || total
---------------------------++-------
   Fire: Shortbow          ||    60
    Use: Scroll            ||     2
         Potion            ||     2
 Armour: Leather armour    ||    16
  Dodge: Dodged            ||    48

Table legend: (Time is in decaauts)
 A = Elapsed time spent in this place.
 B = Non-inter-level travel time spent in this place.
 C = Inter-level travel time spent in this place.
 D = Time resting spent in this place.
 E = Time spent auto-exploring this place.
 F = Levels seen in this place.
 G = Mean time per level.
                   A        B        C        D        E       F      G
               +--------+--------+--------+--------+--------+-----+--------+
         Total |   1025 |    994 |     31 |      0 |    844 |   2 |  512.5 |
       Dungeon |   1025 |    994 |     31 |      0 |    844 |   2 |  512.5 |
               +--------+--------+--------+--------+--------+-----+--------+

Top non-repeatable levels by time:
     D:1: 951 daAuts
     D:2: 74 daAuts
